 Dungeon Crawl Stone Soup version 0.29-a0-323-g050149af67 (webtiles) character file.

Game seed: 13449419249796874913

1536 greenreed the Insei (level 8, 0/61 HPs)
             Began as a Gnoll Transmuter on Apr 10, 2022.
             Was an Initiate of Ashenzari.
             Slain by a vampire mosquito (10 damage)
             ... on level 7 of the Dungeon.
             The game lasted 00:25:34 (6645 turns).

greenreed the Insei (Gnoll Transmuter)              Turns: 6645, Time: 00:25:36

Health: 0/61       AC:  3    Str:  9    XL:     8   Next: 86%
Magic:  18/18      EV: 14    Int: 18    God:    Ashenzari [......]
Gold:   347        SH:  0    Dex: 13    Spells: 11/20 levels left

rFire   . . .      SeeInvis .   A - +7 trident "Orb Guardian's Bane" {vorpal, Int+3}
rCold   + . .      Faith    .   (no shield)
rNeg    . . .      Spirit   .   y - +1 robe {rC+}
rPois   .          Reflect  .   (helmet currently unavailable)
rElec   .          Harm     .   (no cloak)
rCorr   +          Rampage  .   (no gloves)
Will    .....                   (boots currently unavailable)
Stlth   ++........              (no amulet)
HPRegen 0.20/turn               d - ring of the Eternal Regret {rCorr, Self, Elem} (curse)
MPRegen 0.16/turn               (no ring)

@: appendages (expiring)
A: horns 2, talons 2, fangs 1, strong nose, distributed training
a: End Transformation, Renounce Religion, Curse Item, Shatter the Chains


You were on level 7 of the Dungeon.
You worshipped Ashenzari.
Ashenzari was noncommittal.
You had temporarily grown beastly horns and talons.
You visited 2 branches of the dungeon, and saw 8 of its levels.

You collected 347 gold pieces.

Inventory:

Hand Weapons
 f - a +0 mace
 g - a +2 short sword of venom
 v - a +0 vorpal mace
 A - the +7 trident "Orb Guardian's Bane" (weapon) {vorpal, Int+3}
   (You found it on level 4 of the Dungeon)

   It inflicts extra damage upon your enemies.
   Int:       It affects your intelligence (+3).
 C - the +3 flail "Taastraes" {pain, rElec Will+ Dex-5}
   (You found it on level 4 of the Dungeon)

   In the hands of one skilled in necromantic magic, it inflicts extra damage on
   living creatures.
   Dex:       It affects your dexterity (-5).
   rElec:     It insulates you from electricity.
   Will:      It increases your willpower.
Armour
 a - a +0 robe
 o - a +3 ring mail of positive energy
 y - a +1 robe of cold resistance (worn)
 F - a +0 robe of resistance
 H - a +0 helmet
Jewellery
 d - the cursed ring of the Eternal Regret (left hand) {rCorr, Self, Elem}
   (You found it on level 1 of the Dungeon)

   [ring of resist corrosion]

   rCorr:     It protects you from acid and corrosion.
   It has a curse which improves the following skills: Introspection: Fighting
   and Spellcasting.
   Elements:  Fire Magic, Ice Magic, Air Magic and Earth Magic.
 n - an amulet of faith
Wands
 x - a wand of digging (2)
 E - a wand of polymorph (18)
Scrolls
 c - a scroll of holy word {unknown}
 i - 2 scrolls of blinking {unknown}
 k - a scroll of torment {unknown}
 l - 2 scrolls of fear
 p - 2 scrolls of vulnerability {unknown}
 r - a scroll of immolation {unknown}
 s - 3 scrolls of magic mapping
 w - a scroll of teleportation {unknown}
 B - a scroll of fog
 G - a scroll of amnesia {unknown}
Potions
 b - 2 potions of lignification
 e - 5 potions of curing
 h - 2 potions of ambrosia
 j - a potion of degeneration {unknown}
 m - 2 potions of flight {unknown}
 q - a potion of magic {unknown}
 t - a potion of heal wounds
 u - a potion of invisibility {unknown}
 z - a potion of haste {unknown}
 D - a potion of resistance {unknown}


   Skills:
 + Level 4.5(4.9) Fighting
 + Level 3.6 Short Blades
 + Level 3.6 Long Blades
 + Level 3.6 Axes
 + Level 3.6 Maces & Flails
 + Level 3.6 Polearms
 + Level 3.6 Staves
 + Level 3.6 Slings
 + Level 3.6 Bows
 + Level 3.6 Crossbows
 + Level 3.6 Throwing
 + Level 3.6 Armour
 + Level 5.9 Dodging
 + Level 3.6 Stealth
 + Level 3.6 Shields
 + Level 7.5 Unarmed Combat
 + Level 6.2(6.7) Spellcasting
 + Level 3.0 Conjurations
 + Level 3.0 Hexes
 + Level 3.0 Summonings
 + Level 3.0 Necromancy
 + Level 3.0 Translocations
 + Level 4.9 Transmutations
 + Level 3.0(3.3) Fire Magic
 + Level 3.0(3.3) Ice Magic
 + Level 3.0(3.3) Air Magic
 + Level 3.0(3.3) Earth Magic
 + Level 3.0 Poison Magic
 + Level 4.0 Invocations
 + Level 3.6 Evocations


You had 11 spell levels left.
You knew the following spells:

 Your Spells              Type           Power      Damage    Failure   Level
a - Beastly Appendage     Tmut           46%        N/A       1%          1
b - Wereblood             Tmut           23%        N/A       2%          2
c - Dazzling Flash        Conj/Hex       32%        N/A       10%         3
d - Spider Form           Tmut/Pois      20%        N/A       7%          3

Your spell library contained the following spells:

 Spells                   Type           Power      Damage    Failure   Level
 Sandblast                Erth           36%        2d10      2%          1
 Animate Skeleton         Necr           32%        N/A       3%          1
 Apportation              Tloc           32%        N/A       3%          1
 Pain                     Necr           64%        1d7       3%          1
 Shock                    Conj/Air       68%        1d7       3%          1
 Summon Small Mammal      Summ           64%        N/A       3%          1
 Corpse Rot               Necr/Air       34%        N/A       4%          2
 Ensorcelled Hibernation  Hex/Ice        34%        N/A       4%          2
 Poisonous Vapours        Pois/Air       34%        N/A       4%          2
 Ice Form                 Ice/Tmut       20%        N/A       21%         4
 Petrify                  Tmut/Erth      20%        N/A       21%         4
 Anguish                  Hex/Necr       8%         N/A       32%         4
 Animate Dead             Necr           8%         N/A       32%         4
 Iskenderun's Mystic Bla  Conj/Tloc      16%        2d5       32%         4
 Metabolic Englaciation   Hex/Ice        8%         N/A       63%         5
 Statue Form              Tmut/Erth      13%        N/A       97%         6
 Starburst                Conj/Fire      8%         6d4       99%         6
 Haunt                    Necr/Summ      8%         N/A       100%        7
 Infestation              Necr           8%         N/A       100%        8


Dungeon Overview and Level Annotations

Branches:
Dungeon (7/15)             Temple (1/1) D:4

Altars:
Ashenzari
Cheibriados
Dithmenos
Elyvilon
Fedhas
Gozag
Hepliaklqana
Kikubaaqudgha
Makhleb
Nemelex Xobeh
Okawaru
Qazlal
Ru
Sif Muna
Trog
Uskayaw
Vehumet
Wu Jian
Xom
Zin
The Shining One

Shops:
D:2 !:

Annotations:
D:6 2 transporters, cojito's ghost, novice MyBe


Innate Abilities, Weirdness & Mutations

You have temporarily grown beastly horns and talons.
You have very sharp teeth.
Your uncanny sense of smell can sniff out nearby items.
Your experience applies equally to all skills.


Message History

The scroll dissolves into smoke.
It was a scroll of fog.
The vampire mosquito bites you!
* * * LOW HITPOINT WARNING * * *
The vampire mosquito draws strength from your injuries!
The vampire mosquito closely misses you.
The vampire mosquito barely misses you. x2
You feel much better.
Your primal bloodlust has ended.
The vampire mosquito barely misses you. The vampire mosquito bites you.
The vampire mosquito draws strength from your injuries!
The vampire mosquito barely misses you. The vampire mosquito bites you.
The vampire mosquito draws strength from your injuries!
You hit the vampire mosquito.
Your headbutt misses the vampire mosquito.
You punch the vampire mosquito, but do no damage.
The vampire mosquito is lightly damaged.
The vampire mosquito closely misses you.
The vampire mosquito bites you.
The vampire mosquito draws strength from your injuries!
The vampire mosquito bites you!
The vampire mosquito draws strength from your injuries!
The vampire mosquito barely misses you.
You hit the vampire mosquito. You claw the vampire mosquito.
You headbutt the vampire mosquito.
The vampire mosquito is severely damaged.
The vampire mosquito bites you but does no damage.
The vampire mosquito bites you.
* * * LOW HITPOINT WARNING * * *
The vampire mosquito draws strength from your injuries!
The vampire mosquito bites you.
* * * LOW HITPOINT WARNING * * *
The vampire mosquito draws strength from your injuries!
The vampire mosquito barely misses you.
You hit the vampire mosquito. You claw the vampire mosquito.
You headbutt the vampire mosquito.
The vampire mosquito is almost destroyed.
Your transformation is almost over.
The vampire mosquito closely misses you.
The vampire mosquito barely misses you. The vampire mosquito bites you!
You die...

.....♣ ♣..♣...#....#.....').
...♣.♣ ♣..♣...######.....#..
#.♣♣.♣♣♣♣♣.♣♣##............###
#..♣♣.♣.......#............#..
#...♣♣.♣.♣....#............#..
#.....♣♣♣♣....#............#.. ∆
+.....#....§§§#............'..
#.....#....§§y#§...........###
#.....#....§§@yy..............
####.....#....####§..............
.....>...##'###..........#####...
.......<.#....#..........#...#[..
.........#....#..........#...#...
.........#....#..........'....###
.........###'##......)...####.#
###+#...............#####.....#
#.......).......# #.....#


You could see 3 vampire mosquitoes.

Vanquished Creatures
  An ice beast (D:6)
  2 black bears
  An ogre (D:5)
  2 centaurs
  A phantom (D:4)
  A kobold brigand (D:7)
  A scorpion (D:6)
  2 necrophages
  A howler monkey (D:4)
  3 centaur zombies (D:7)
  4 hounds
  2 orc priests (D:3)
  A gnoll shaman (D:6)
  A jelly (D:7)
  Jessica (D:3)
  An iguana (D:5)
  An orc wizard (D:6)
  3 killer bee zombies (D:7)
  4 adders
  3 gnolls (D:6)
  2 white imps (D:6)
  2 ufetubi (D:6)
  A worm (D:2)
  13 orcs
  5 ball pythons
  3 endoplasms
  2 giant cockroaches (D:3)
  3 hobgoblins
  8 jackals
  3 quokkas
  4 bats
  2 frilled lizards
  10 goblins
  9 kobolds
  5 rats
108 creatures vanquished.

Notes
Turn   | Place    | Note
-------+----------+-------------------------------------------
     0 | D:1      | greenreed the Gnoll Transmuter began the quest for the Orb.
     0 | D:1      | Reached XP level 1. HP: 17/17 MP: 6/6
   289 | D:1      | Found a faded altar of an unknown god.
   326 | D:1      | Reached XP level 2. HP: 23/23 MP: 7/7
   538 | D:2      | Found Xidaija's Book Shoppe.
   605 | D:2      | Found Viamuss's Distillery.
  1002 | D:2      | Reached skill level 5 in Spellcasting
  1002 | D:2      | Reached XP level 3. HP: 18/28 MP: 6/9
  1151 | D:2      | Learned a level 2 spell: Wereblood
  1424 | D:2      | Reached skill level 1 in Invocations
  1955 | D:3      | Reached skill level 1 in Short Blades
  1955 | D:3      | Reached skill level 1 in Long Blades
  1955 | D:3      | Reached skill level 1 in Axes
  1955 | D:3      | Reached skill level 1 in Maces & Flails
  1955 | D:3      | Reached skill level 1 in Polearms
  1955 | D:3      | Reached skill level 1 in Staves
  1955 | D:3      | Reached skill level 1 in Slings
  1955 | D:3      | Reached skill level 1 in Bows
  1955 | D:3      | Reached skill level 1 in Crossbows
  1955 | D:3      | Reached skill level 1 in Throwing
  1955 | D:3      | Reached skill level 1 in Armour
  1955 | D:3      | Reached skill level 1 in Stealth
  1955 | D:3      | Reached skill level 1 in Shields
  1955 | D:3      | Reached skill level 1 in Evocations
  2007 | D:3      | Reached XP level 4. HP: 16/34 MP: 8/11
  2250 | D:3      | Reached skill level 1 in Conjurations
  2250 | D:3      | Reached skill level 1 in Hexes
  2250 | D:3      | Reached skill level 1 in Summonings
  2250 | D:3      | Reached skill level 1 in Necromancy
  2250 | D:3      | Reached skill level 1 in Translocations
  2250 | D:3      | Reached skill level 1 in Fire Magic
  2250 | D:3      | Reached skill level 1 in Ice Magic
  2250 | D:3      | Reached skill level 1 in Air Magic
  2250 | D:3      | Reached skill level 1 in Earth Magic
  2250 | D:3      | Reached skill level 1 in Poison Magic
  2374 | D:3      | HP: 1/34 [orc priest/divine providence (10)]
  2378 | D:3      | Reached XP level 5. HP: 5/40 MP: 9/12
  2700 | D:3      | Noticed Jessica
  2709 | D:3      | Killed Jessica
  3122 | D:4      | Found a staircase to the Ecumenical Temple.
  3134 | Temple   | Entered the Ecumenical Temple
  3523 | Temple   | Became a worshipper of Ashenzari the Shackled
  3576 | D:4      | Identified the +7 trident "Orb Guardian's Bane" {vorpal,
                  | Int+3}
  3582 | D:4      | Reached XP level 6. HP: 42/47 MP: 13/13
  3658 | D:4      | Got Teuh Gea's Introduction to Spellcraft
  3826 | D:4      | Identified the +3 flail "Taastraes" {pain, rElec Will+
                  | Dex-5}
  3843 | D:4      | Reached skill level 5 in Dodging
  4007 | D:5      | Entered Level 5 of the Dungeon
  4082 | D:5      | Reached XP level 7. HP: 41/53 MP: 13/15
  4286 | D:5      | Reached skill level 7 in Unarmed Combat
  4934 | D:6      | Reached XP level 8. HP: 32/60 MP: 17/17
  5319 | D:6      | Noticed a queen bee
  5321 | D:6      | Found a transporter.
  5338 | D:6      | Found a transporter.
  5442 | D:6      | Noticed cojito's ghost (novice MyBe)
  5492 | D:6      | Learned a level 3 spell: Dazzling Flash
  5496 | D:6      | Learned a level 3 spell: Spider Form
  6645 | D:7      | Slain by a vampire mosquito

Illustrated notes

Levels and vault maps discovered:
D:1:      psy_arrival_statuary, layout_rooms, ebering_ecumenical_altar_rust
D:2:      layout_loops_ring, serial_shops, shop, shop, st_stairs_5,
          due_unseen_surprise
D:3:      layout_basic, uniq_jessica
D:4:      layout_rooms, minmay_temple_entry_waves
D:5:      layout_rooms
D:6:      layout_basic, gammafunk_ghost_hive
D:7:      layout_gridville, nicolae_yredelemnul_corpse_copse
Temple:   roderic_octagonal_lattice_temple

Skill      XL: |  1  2  3  4  5  6  7  8 |
---------------+-------------------------+-----
Spellcasting   | 5 6 |  6.2
Invocations    | 1 2 3 4 |  4.0
Short Blades   | 1 2 3 |  3.6
Long Blades    | 1 2 3 |  3.6
Axes           | 1 2 3 |  3.6
Maces & Flails | 1 2 3 |  3.6
Polearms       | 1 2 3 |  3.6
Staves         | 1 2 3 |  3.6
Slings         | 1 2 3 |  3.6
Bows           | 1 2 3 |  3.6
Crossbows      | 1 2 3 |  3.6
Throwing       | 1 2 3 |  3.6
Armour         | 1 2 3 |  3.6
Stealth        | 1 2 3 |  3.6
Shields        | 1 2 3 |  3.6
Evocations     | 1 2 3 |  3.6
Conjurations   | 1 2 3 |  3.0
Hexes          | 1 2 3 |  3.0
Summonings     | 1 2 3 |  3.0
Necromancy     | 1 2 3 |  3.0
Translocations | 1 2 3 |  3.0
Fire Magic     | 1 2 3 |  3.0
Ice Magic      | 1 2 3 |  3.0
Air Magic      | 1 2 3 |  3.0
Earth Magic    | 1 2 3 |  3.0
Poison Magic   | 1 2 3 |  3.0
Fighting       | 3 4 |  4.5
Transmutations | 4 |  4.9
Dodging        | 5 |  5.9
Unarmed Combat | 7 |  7.5

Action                   |  1- 3 |  4- 6 |  7- 9 || total
-------------------------+-------+-------+-------++-------
Melee: Short sword       |    80 |    26 |       ||   106
       Kick              |    17 |     8 |    14 ||    39
       Headbutt          |     7 |     5 |    16 ||    28
       Bite              |    11 |     2 |    16 ||    29
       Unarmed           |     1 |       |       ||     1
       Punch             |     4 |     2 |    10 ||    16
       Trident           |       |    41 |   133 ||   174
 Cast: Beastly Appendage |    18 |     8 |    16 ||    42
       Wereblood         |     1 |     1 |     4 ||     6
Invok: Curse Item        |       |     1 |       ||     1
Evoke: Wand              |       |     1 |       ||     1
  Use: Scroll            |       |     1 |     4 ||     5
       Potion            |       |       |     6 ||     6
 Stab: Sleeping          |     3 |     4 |     5 ||    12
       Distracted        |       |       |     1 ||     1
Armor: Robe              |     8 |     7 |    30 ||    45
Dodge: Dodged            |    49 |    43 |   176 ||   268

Table legend: (Time is in decaauts)
 A = Elapsed time spent in this place.
 B = Non-inter-level travel time spent in this place.
 C = Inter-level travel time spent in this place.
 D = Time resting spent in this place.
 E = Time spent auto-exploring this place.
 F = Levels seen in this place.
 G = Mean time per level.
                   A        B        C        D        E       F      G
               +--------+--------+--------+--------+--------+-----+--------+
         Total |   6678 |   6254 |    424 |   1278 |   3812 |   8 |  834.8 |
       Dungeon |   6270 |   5898 |    372 |   1278 |   3483 |   7 |  895.7 |
        Temple |    408 |    356 |     52 |      0 |    329 |   1 |  408.0 |
               +--------+--------+--------+--------+--------+-----+--------+

Top non-repeatable levels by time:
     D:3: 1465 daAuts
     D:6: 1309 daAuts
     D:2: 1149 daAuts
     D:4: 689 daAuts
     D:5: 633 daAuts
     D:7: 515 daAuts
     D:1: 507 daAuts
  Temple: 408 daAuts
